 Dungeon Crawl Stone Soup version 0.29.1-12-g30fa7ad0bf (webtiles) character file.

Game seed: 10322842002778187715

37 EarthwalkerPL the Covered (level 3, -4/33 HPs)
             Began as a Minotaur Fighter on Jan 7, 2023.
             Slain by a gnoll
             ... wielding a +0 flail
              (6 damage)
             ... on level 3 of the Dungeon.
             The game lasted 00:02:03 (2212 turns).

EarthwalkerPL the Covered (Minotaur Fighter)        Turns: 2212, Time: 00:02:04

Health: -4/33      AC:  7    Str: 20    XL:     3   Next: 23%
Magic:  2/2        EV: 10    Int:  5    God:
Gold:   188        SH:  4    Dex: 11    Spells: 2/2 levels left

rFire   . . .      SeeInvis .   a - +0 war axe
rCold   + . .      Faith    .   c - +0 buckler
rNeg    . . .      Spirit   .   e - +2 ring mail {rC+}
rPois   .          Reflect  .   (helmet restricted)
rElec   .          Harm     .   (no cloak)
rCorr   .          Rampage  .   (no gloves)
Will    .....                   (no boots)
Stlth   +.........              (no amulet)
HPRegen 0.11/turn               (no ring)
MPRegen 0.08/turn               (no ring)

@: no status effects
A: horns 2, retaliatory headbutt
a: no special abilities


You were on level 3 of the Dungeon.
You visited 1 branch of the dungeon, and saw 3 of its levels.

You collected 188 gold pieces.

Inventory:

Hand Weapons
 a - a +0 war axe (weapon)
Armour
 b - a +0 scale mail
 c - a +0 buckler (worn)
 e - a +2 ring mail of cold resistance (worn)
Scrolls
 f - 2 scrolls of vulnerability {unknown}
 g - 6 scrolls of identify {unknown}
 h - 2 scrolls of enchant weapon {unknown}
 j - a scroll of fog {unknown}
Potions
 d - a potion of might
 i - 3 potions of curing {unknown}


   Skills:
 * Level 4.1 Fighting
 * Level 3.1 Axes
 * Level 4.2 Armour
 + Level 3.9 Shields


You had 2 spell levels left.
You didn't know any spells.
Your spell library contained the following spells:

 Spells                   Type           Power      Damage    Failure   Level
 Portal Projectile        Hex/Tloc       0%         N/A       98%         3
 Tukima's Dance           Hex            0%         N/A       98%         3
 Blade Hands              Tmut           0%         N/A       100%        5


Dungeon Overview and Level Annotations

Branches:
Dungeon (3/15)

Altars:

Shops:
D:1 (*


Innate Abilities, Weirdness & Mutations

You have a pair of horns on your head.
You reflexively headbutt those who attack you in melee.


Message History

g - 6 scrolls labelled CIOBRI DESTRI (gained 1)
You open the door.
There is an open door here.
An adder, an iguana and 3 gnolls come into view.
The adder hisses angrily.
The gnoll shouts!
You closely miss the iguana. The iguana bites you.
You hit the iguana.
The iguana is lightly wounded.
The iguana bites you! The iguana bites you. The gnoll hits you with a +0 flail.
* * * LOW HITPOINT WARNING * * *
You are too injured to fight recklessly!
You are too injured to fight recklessly!
You are too injured to fight recklessly!
You are too injured to fight recklessly!
You are too injured to fight recklessly!
You are too injured to fight recklessly!
You are too injured to fight recklessly!
You are too injured to fight recklessly!
You are too injured to fight recklessly!
You are too injured to fight recklessly!
You are too injured to fight recklessly!
You are too injured to fight recklessly!
You are too injured to fight recklessly!
You are too injured to fight recklessly!
You are too injured to fight recklessly!
You are too injured to fight recklessly!
You are too injured to fight recklessly!
You are too injured to fight recklessly!
You are too injured to fight recklessly!
Unknown command.
You barely miss the gnoll. You slash the iguana! The iguana closely misses you.
You block the gnoll's attack.
You barely miss the gnoll. You hit the iguana. The iguana misses you.
The gnoll closely misses you.
You hit the gnoll but do no damage. You barely miss the iguana.
The iguana bites you!
* * * LOW HITPOINT WARNING * * *
A gnoll comes into view. It is wielding a +0 club.
The gnoll hits you with a +0 flail.
You die...

####........
#..........#
#.########.#
##+##...######..
..............#. ##
#.#...........#. #.
#.#...........#.
#.#l##.#...........##
#...@..#.#'#.......#
###g#......#########
#S##.#.#.# #g #+#+###
#g #. #. #g


You could see an iguana, 4 gnolls and an adder.

Vanquished Creatures
  2 dart slugs
  5 endoplasms
  2 goblins
  4 hobgoblins (D:2)
  4 jackals (D:2)
  3 ball pythons (D:2)
  A bat (D:1)
  A frilled lizard (D:2)
  5 kobolds
  2 rats
29 creatures vanquished.

Notes
Turn   | Place    | Note
-------+----------+-------------------------------------------
     0 | D:1      | EarthwalkerPL the Minotaur Fighter began the quest for the
                  | Orb.
     0 | D:1      | Reached XP level 1. HP: 19/19 MP: 0/0
   157 | D:1      | Found a faded altar of an unknown god.
   286 | D:1      | Found Iguy's Antique Weapon Boutique.
   374 | D:1      | Found Napreice's General Store.
   486 | D:1      | Reached XP level 2. HP: 27/27 MP: 1/1
  1713 | D:2      | Reached XP level 3. HP: 33/33 MP: 2/2
  2051 | D:2      | Identified the +0 helmet "Coguewaf" {Str+3}
  2212 | D:3      | Slain by a gnoll

Illustrated notes

Levels and vault maps discovered:
D:1:      co_arrival_random_square_maze, layout_loops_corners, serial_shops,
          nicolae_shop_hallway_stairs, shop, shapermc_ecumenical_altar_pompeii
D:2:      layout_basic
D:3:      layout_basic, lightli_temple_of_fire, led_sif_pool,
          roderic_filled_cross, supply_closet_lemuel

Skill      XL: |  1  2 |
---------------+-------+-----
Armour         | 4 |  4.2
Fighting       | 4 |  4.1
Axes           | 3 |  3.1
Shields        | |  3.9

Action                   || total
-------------------------++-------
Melee: War axe           ||    57
       Headbutt          ||     8
Armor: Ring mail         ||    19
Dodge: Dodged            ||    26
Block: Buckler           ||    13
